 Dungeon Crawl Stone Soup version 0.20.0-8-g6b59dc7 (webtiles) character file.

88 straycat the Ducker (level 4, -6/34 HPs)
             Began as a Vampire Gladiator on June 1, 2017.
             Killed from afar by an orc wizard (10 damage)
             ... with a puff of frost
             ... on level 3 of the Dungeon.
             The game lasted 00:06:39 (2240 turns).

straycat the Ducker (Vampire Gladiator)             Turns: 2240, Time: 00:06:39

Health: -6/34      AC:  9    Str: 13    XL:     4   Next: 30%
Magic:  4/4        EV:  7    Int: 10    God:
Gold:   126        SH:  0    Dex: 16    Spells: 3/3 levels left

rFire    . . .     SeeInvis +   a - +0 rapier
rCold    . . .     Gourm    .   (no shield)
rNeg     . . .     Faith    .   i - +0 chain mail {MR+}
rPois    .         Spirit   .   c - +0 helmet
rElec    .         Reflect  .   (no cloak)
rCorr    .         Harm     .   (no gloves)
MR       +....                  (no boots)
Stlth    ..........             (no amulet)
Regen    0.4/turn               (no ring)
MPRegen  0.1/turn               (no ring)

@: regenerating quickly
A: fangs 3, see invisible, unbreathing
a: no special abilities


You were on level 3 of the Dungeon.
You were full.

You visited 1 branch of the dungeon, and saw 3 of its levels.

You collected 126 gold pieces.

Inventory:

Hand Weapons
 a - a +0 rapier (weapon)
 g - a +0 spear
 p - a +2 arbalest of freezing
Missiles
 d - 3 throwing nets
 o - 86 stones (quivered)
 q - 23 bolts
 u - 23 sling bullets
 y - 2 tomahawks
Armour
 b - a +0 leather armour
 c - a +0 helmet (worn)
 i - a +0 chain mail of magic resistance (worn)
Magical Staves
 x - an uncursed staff of power {unknown}
Jewellery
 s - an uncursed ring of fire
 v - an uncursed ring of poison resistance {unknown}
Scrolls
 h - a scroll of teleportation {unknown}
 j - 2 scrolls of identify {unknown}
 m - 2 scrolls of noise {unknown}
 n - a scroll of amnesia {unknown}
 t - a scroll of remove curse {unknown}
Potions
 e - 16 potions of blood
 f - 2 potions of haste {unknown}
 k - a potion of resistance {unknown}
 l - 2 potions of curing {unknown}
 r - a potion of brilliance {unknown}
 w - a potion of lignification {unknown}


   Skills:
 * Level 2.5 Fighting
 + Level 3.6 Short Blades
 - Level 1.5 Throwing
 + Level 0.2 Armour
 * Level 4.1 Dodging
 * Level 3.5 Stealth


You had 3 spell levels left.
You didn't know any spells.

Dungeon Overview and Level Annotations

Branches:
Dungeon (3/15)

Altars:
The Shining One


Innate Abilities, Weirdness & Mutations

Your natural rate of healing is unusually fast.
You have razor-sharp teeth.
You have supernaturally acute eyesight. (SInv)
You can survive without breathing.


Message History

The orc wizard points at you and mumbles some strange words.
The puff of frost hits you!
The orc wizard gestures at you while chanting.
The puff of flame hits you!
* * * LOW HITPOINT WARNING * * *
Okay, then.
Okay, then.
You barely miss the orc wizard.
The orc wizard is heavily wounded.
The orc wizard hits you but does no damage.
You hit the orc wizard. You bite the orc wizard.
The orc wizard is almost dead.
The orc wizard hits you but does no damage.
The orc wizard hits you with a dagger.
* * * LOW HITPOINT WARNING * * *
You closely miss the orc wizard. Your bite misses the orc wizard.
The orc wizard is almost dead.
The orc wizard points at you and mumbles some strange words.
The puff of frost hits you!
You die...

##+#####
#!....$#
#......#
#......#
######......#
#.....@o....#
###.##......#
#.##......#
#.##......#
#.##.[....#
#.#########
#.# #.# #.#


You could see an orc wizard.

Vanquished Creatures
  4 adders (D:2)
  2 worms (D:2)
  2 dart slugs
  A leopard gecko (D:3)
  2 orcs (D:3)
  A ball python (D:2)
  A giant cockroach (D:1)
  4 goblins
  5 hobgoblins
  3 jackals (D:2)
  5 kobolds
  A quokka (D:2)
  4 bats
  A frilled lizard (D:1)
  4 rats
40 creatures vanquished.

Notes
Turn   | Place    | Note
-------+----------+-------------------------------------------
     0 | D:1      | straycat the Vampire Gladiator began the quest for the Orb.
     0 | D:1      | Reached XP level 1. HP: 16/16 MP: 1/1
   164 | D:1      | Reached XP level 2. HP: 9/22 MP: 2/2
   764 | D:1      | Reached skill level 1 in Stealth
  1027 | D:2      | Reached XP level 3. HP: 18/27 MP: 3/3
  1534 | D:2      | Found a glowing golden altar of the Shining One.
  1566 | D:2      | Reached skill level 4 in Dodging
  1778 | D:2      | Reached XP level 4. HP: 34/34 MP: 4/4
  2240 | D:3      | Killed from afar by an orc wizard

Skill      XL: |  1  2  3 |
---------------+----------+-----
Fighting       | 2 |  2.5
Stealth        | 2 3 |  3.5
Dodging        | 4 |  4.1
Short Blades   | |  3.6
Throwing       | |  1.5
Armour         | |  0.2

Action                   |  1- 3 |  4- 6 || total
-------------------------+-------+-------++-------
Melee: Rapier            |   121 |    41 ||   162
       Bite              |    15 |     4 ||    19
  Use: Potion            |       |     7 ||     7
Armor: Leather armour    |    23 |       ||    23
       Chain mail        |    37 |    19 ||    56
Dodge: Dodged            |    76 |     6 ||    82
